 Dungeon Crawl Stone Soup version 0.20-a0-1006-ge6c5631 (webtiles) character file.

132 Lifeless the Skirmisher (level 4, 0/37 HPs)
             Began as a Demonspawn Berserker on Apr 13, 2017.
             Was a Believer of Trog.
             Slain by Lifeless's ghost (1 damage)
             ... on level 3 of the Dungeon.
             The game lasted 00:04:37 (2608 turns).

Lifeless the Skirmisher (Demonspawn Berserker)      Turns: 2608, Time: 00:04:38

Health: 0/37       AC:  7    Str: 18    XL:     4   Next: 92%
Magic:  4/4        EV: 10    Int:  9    God:    Trog [**....]
Gold:   49         SH:  0    Dex: 12    Spells: 3/3 levels left

rFire    . . .     SeeInvis .   a - +0 hand axe
rCold    . . .     Gourm    .   (no shield)
rNeg     . . .     Faith    .   i - +0 scale mail
rPois    .         Spirit   .   (helmet restricted)
rElec    .         Reflect  .   (no cloak)
rCorr    .         Harm     .   j - +0 pair of gloves
MR       .....                  (no boots)
Stlth    ..........             (no amulet)
Regen    0.2/turn               (no ring)
MPRegen  0.1/turn               (no ring)

@: exhausted, slowed, very slow
A: antennae 1, powered by death 1
a: Berserk, Trog's Hand, Burn Spellbooks, Renounce Religion


You were on level 3 of the Dungeon.
You worshipped Trog.
Trog was pleased with you.
You were very hungry.

You visited 1 branch of the dungeon, and saw 3 of its levels.

You collected 49 gold pieces.

Inventory:

Hand Weapons
 a - a +0 hand axe (weapon)
Armour
 i - a +0 scale mail (worn)
 j - a +0 pair of gloves (worn)
Scrolls
 e - a scroll of remove curse {unknown}
 k - a scroll of fear {unknown}
 o - a scroll of identify {unknown}
 p - a scroll of fog {unknown}
Potions
 b - a potion of degeneration {unknown}
 g - 2 potions of curing {unknown}
 h - a potion of heal wounds {unknown}
 l - a potion of agility {unknown}
 m - a potion of might {unknown}
 n - a potion of brilliance {unknown}
 q - a potion of haste {unknown}
 r - a potion of magic {unknown}
Comestibles
 c - 3 bread rations
 d - 3 meat rations
 f - a royal jelly


   Skills:
 * Level 3.7 Fighting
 * Level 3.6 Axes
 + Level 2.3 Armour
 + Level 2.9 Dodging


You had 3 spell levels left.
You didn't know any spells.

Dungeon Overview and Level Annotations

Branches:
Dungeon (3/15)

Altars:

Annotations:
D:3 Lifeless's ghost, novice HuAK


Innate Abilities, Weirdness & Mutations

You have a pair of small antennae on your head.
You regenerate a little health from kills.


Message History

You closely miss Lifeless's ghost.
Lifeless's ghost is severely damaged.
The orc priest invokes the aid of Beogh against you.
Beogh smites you! Lifeless's ghost hits you. Lifeless's ghost freezes you.
You miss Lifeless's ghost.
Lifeless's ghost is severely damaged.
Lifeless's ghost closely misses you.
You slash Lifeless's ghost!
Lifeless's ghost is almost destroyed.
You are no longer berserk.
You are exhausted.
You feel yourself slow down.
The orc priest mumbles some strange prayers to Beogh against you.
Beogh smites you!
* * * LOW HITPOINT WARNING * * *
Lifeless's ghost shrieks, "They lied to you.
The Dungeon just goes down and down forever."
Lifeless's ghost hits you.
* * * LOW HITPOINT WARNING * * *
Lifeless's ghost freezes you.
You die...

#.. ## .. .### .# ..
...... #.####. .....
#######.#... ...#
#..........# ..#
##......###.#####o.####.
........[>.....o........
........[÷)<@Wo.#.......
.....####.#)....r.......
.... #.#†............ ..
#.##......(.....
#.#..........###
#.#...........#
...............#
................
#.......[........


You could see 2 orc priests, Lifeless's ghost, an orc and a rat.

Vanquished Creatures
  2 orc wizards (D:3)
  2 adders (D:2)
  2 oozes (D:1)
  A worm (D:2)
  4 leopard geckos (D:2)
  2 orcs (D:3)
  2 bats
  A giant cockroach (D:2)
  4 goblins
  A hobgoblin (D:2)
  8 jackals
  A ball python (D:3)
  5 frilled lizards
  5 kobolds
  7 rats
47 creatures vanquished.

Notes
Turn   | Place    | Note
-------+----------+-------------------------------------------
     0 | D:1      | Lifeless the Demonspawn Berserker began the quest for the Orb.
     0 | D:1      | Reached XP level 1. HP: 18/18 MP: 1/1
   294 | D:1      | Gained mutation: You have a pair of small antennae on your head. [demonic ancestry]
   294 | D:1      | Reached XP level 2. HP: 24/24 MP: 2/2
  1236 | D:2      | Reached XP level 3. HP: 19/29 MP: 3/3
  2170 | D:2      | Gained mutation: You regenerate a little health from kills. [demonic ancestry]
  2170 | D:2      | Reached XP level 4. HP: 35/35 MP: 4/4
  2289 | D:3      | Reached ** piety under Trog
  2589 | D:3      | Noticed Lifeless's ghost (novice HuAK)
  2608 | D:3      | HP: 1/37 [Lifeless's ghost (1)]
  2608 | D:3      | Slain by Lifeless's ghost

Vault maps used:
D:1:      scummos_arrival_star
D:2:      first_bread
D:3:      led_sif_pool

Skill      XL: |  1  2 |
---------------+-------+-----
Dodging        | 2 |  2.9
Axes           | 3 |  3.6
Armour         | 2 |  2.3
Fighting       | |  3.7

Action                   |  1- 3 |  4- 6 || total
-------------------------+-------+-------++-------
Melee: Hand axe          |   112 |    64 ||   176
Invok: Berserk           |     1 |     1 ||     2
  Eat: Chunk             |     4 |     2 ||     6
Armor: Animal skin       |     4 |       ||     4
       Scale mail        |    29 |    35 ||    64
       Ring mail         |     3 |       ||     3
Dodge: Dodged            |    65 |    23 ||    88
